TOP OF THE 1ST |
Jasper Cougars batting - Pitching for Seattle Rainiers : RHP Raúl Salsa
|
Pitching: RHP Raúl Salsa
|
|
Batting: LHB David Adams
|
0-0: Foul Ball, location: 2F 0-1: Called Strike 0-2: SINGLE (Groundball, 3D)
|
Batting: RHB Charles Lewis
|
0-0: Called Strike 0-1: Ball 1-1: Foul Ball, location: 2F 1-2: Fly out, F3 (Popup, 3S)
|
Batting: LHB António Camacho
|
0-0: Ball 1-0: Ball 2-0: Hit by Pitch David Adams to second
|
Batting: SHB Rafael Acosta
|
0-0: Called Strike 0-1: Called Strike 0-2: Foul Ball, location: 2F 0-2: DOUBLE (Line Drive, 78S) David Adams scores António Camacho to third
|
Batting: RHB Ron Elazar
|
0-0: Foul Ball, location: 2F 0-1: Ground out 5-3 (Groundball, 5)
|
Batting: LHB Jon Scott
|
0-0: Called Strike 0-1: Ball 1-1: DOUBLE (Line Drive, 7) António Camacho scores Rafael Acosta scores
|
Batting: LHB Francisco Cardenas
|
0-0: Foul Ball, location: 2F 0-1: Foul Ball, location: 2F 0-2: Ball 1-2: Foul Ball, location: 2F 1-2: Strikes out swinging
|
Top of the 1st over - 3 run(s), 3 hit(s), 0 error(s), 1 left on base; Jasper 3 - Seattle 0 |
BOTTOM OF THE 1ST |
Seattle Rainiers batting - Pitching for Jasper Cougars : LHP Alberto Guerra
|
Pitching: LHP Alberto Guerra
|
|
Batting: RHB Doug Bell
|
0-0: Called Strike 0-1: Bunted foul 0-2: Strikes out swinging
|
Batting: RHB Roger Lamb
|
0-0: Ball 1-0: Ball 2-0: Foul Ball, location: 2F 2-1: Called Strike 2-2: Strikes out swinging
|
Batting: LHB José Delgado
|
0-0: Called Strike 0-1: Fly out, F8 (Line Drive, 8RM)
|
Bottom of the 1st over - 0 run(s), 0 hit(s), 0 error(s), 0 left on base; Jasper 3 - Seattle 0 |
TOP OF THE 2ND |
Jasper Cougars batting - Pitching for Seattle Rainiers : RHP Raúl Salsa
|
Batting: RHB José Maldonado
|
0-0: Ball 1-0: Foul Ball, location: 2F 1-1: Ball 2-1: Foul Ball, location: 2F 2-2: Foul Ball, location: 2F 2-2: Foul Ball, location: 2F 2-2: Strikes out swinging
|
Batting: RHB Alberto Castillo
|
0-0: Called Strike 0-1: Called Strike 0-2: Foul Ball, location: 2F 0-2: Ball 1-2: Ball 2-2: Foul Ball, location: 2F 2-2: Ball 3-2: Foul Ball, location: 2F 3-2: Base on Balls
|
Batting: LHB David Adams
|
0-0: Ball 1-0: Ball 2-0: Called Strike 2-1: Called Strike 2-2: Foul Ball, location: 2F 2-2: Ball 3-2: Foul Ball, location: 2F 3-2: Reached on error, E6 (Groundball, 56) Alberto Castillo to second
|
Batting: RHB Charles Lewis
|
0-0: Ball 1-0: Ball 2-0: Called Strike 2-1: Foul Ball, location: 2F 2-2: Ball 3-2: Ground out 5-3 (Groundball, 56S) Alberto Castillo to third David Adams to second
|
Batting: LHB António Camacho
|
0-0: Called Strike 0-1: Ball 1-1: Called Strike 1-2: Ball 2-2: Strikes out looking
|
Top of the 2nd over - 0 run(s), 0 hit(s), 1 error(s), 2 left on base; Jasper 3 - Seattle 0 |
BOTTOM OF THE 2ND |
Seattle Rainiers batting - Pitching for Jasper Cougars : LHP Alberto Guerra
|
Batting: RHB Cipriano Baca
|
0-0: Ball 1-0: Ball 2-0: Ball 3-0: Called Strike 3-1: Base on Balls
|
Batting: RHB Leonard Harris
|
0-0: Called Strike 0-1: Swinging Strike 0-2: Ball 1-2: Ball 2-2: Strikes out swinging
|
Batting: SHB Fernando Borges
|
0-0: Ball 1-0: Called Strike 1-1: Foul Ball, location: 2F 1-2: Reached on error, E5 (Groundball, 56S) Cipriano Baca to second
|
Batting: RHB José Rosales
|
0-0: Ball 1-0: Swinging Strike 1-1: Called Strike 1-2: Strikes out swinging
|
Batting: LHB Carlos Valentín
|
0-0: Ball 1-0: Called Strike 1-1: Ball 2-1: Ball 3-1: Fielders Choice at 2nd, 4-6 (Groundball, 4)
|
Bottom of the 2nd over - 0 run(s), 0 hit(s), 1 error(s), 1 left on base; Jasper 3 - Seattle 0 |
TOP OF THE 3RD |
Jasper Cougars batting - Pitching for Seattle Rainiers : RHP Raúl Salsa
|
Batting: SHB Rafael Acosta
|
0-0: Ball 1-0: Ball 2-0: TRIPLE (Flyball, 9LD)
|
Batting: RHB Ron Elazar
|
0-0: Called Strike 0-1: Ball 1-1: Ball 2-1: Ball 3-1: Foul Ball, location: 2F 3-2: Single, Error in OF, E7, batter to second base Rafael Acosta scores
|
Batting: LHB Jon Scott
|
0-0: Ball 1-0: Ball 2-0: Foul Ball, location: 2F 2-1: Called Strike 2-2: Foul Ball, location: 2F 2-2: Strikes out swinging
|
Batting: LHB Francisco Cardenas
|
0-0: Swinging Strike 0-1: Foul Ball, location: 2F 0-2: Foul Ball, location: 2F 0-2: Ball 1-2: Foul Ball, location: 2F 1-2: Foul Ball, location: 2F 1-2: Strikes out swinging
|
Batting: RHB José Maldonado
|
0-0: Ground out 5-3 (Groundball, 56S)
|
Top of the 3rd over - 1 run(s), 2 hit(s), 1 error(s), 1 left on base; Jasper 4 - Seattle 0 |
BOTTOM OF THE 3RD |
Seattle Rainiers batting - Pitching for Jasper Cougars : LHP Alberto Guerra
|
Batting: SHB Claas van der Kuijl
|
0-0: Fly out, F9 (Flyball, 9)
|
Batting: RHB Doug Bell
|
0-0: Ball 1-0: Ball 2-0: TRIPLE (Flyball, 9LD)
|
Batting: RHB Roger Lamb
|
0-0: Ground out 5-3 (Groundball, 56S) Doug Bell scores
|
Batting: LHB José Delgado
|
0-0: Ball 1-0: Ball 2-0: SINGLE (Line Drive, 8LS)
|
Batting: RHB Cipriano Baca
|
0-0: Ball José Delgado steals 2nd base 1-0: Ground out 6-3 (Groundball, 6M)
|
Bottom of the 3rd over - 1 run(s), 2 hit(s), 0 error(s), 1 left on base; Jasper 4 - Seattle 1 |
TOP OF THE 4TH |
Jasper Cougars batting - Pitching for Seattle Rainiers : RHP Raúl Salsa
|
Pitching: RHP Melvin Sharp
|
|
Batting: RHB Alberto Castillo
|
0-0: Ball 1-0: Called Strike 1-1: Ball 2-1: Foul Ball, location: 2F 2-2: Ground out 3-1 (Groundball, 34S)
|
Batting: LHB David Adams
|
0-0: Ball 1-0: SINGLE (Line Drive, 56D)
|
Batting: RHB Charles Lewis
|
0-0: Called Strike 0-1: Grounds into double play, 4-3-6 (Groundball, 34)
|
Top of the 4th over - 0 run(s), 1 hit(s), 0 error(s), 0 left on base; Jasper 4 - Seattle 1 |
BOTTOM OF THE 4TH |
Seattle Rainiers batting - Pitching for Jasper Cougars : LHP Alberto Guerra
|
Batting: RHB Leonard Harris
|
0-0: Called Strike 0-1: Foul Ball, location: 2F 0-2: Ball 1-2: Ball 2-2: Strikes out swinging, 2-3 out at first.
|
Batting: SHB Fernando Borges
|
0-0: Called Strike 0-1: Called Strike 0-2: Ball 1-2: Ball 2-2: Strikes out looking
|
Batting: RHB José Rosales
|
0-0: Called Strike 0-1: Foul Ball, location: 2F 0-2: Ball 1-2: Ball 2-2: Ball 3-2: Strikes out looking
|
Bottom of the 4th over - 0 run(s), 0 hit(s), 0 error(s), 0 left on base; Jasper 4 - Seattle 1 |
TOP OF THE 5TH |
Jasper Cougars batting - Pitching for Seattle Rainiers : RHP Melvin Sharp
|
Batting: LHB António Camacho
|
0-0: Called Strike 0-1: Ball 1-1: Ball 2-1: Ball 3-1: Foul Ball, location: 2F 3-2: Foul Ball, location: 2F 3-2: Base on Balls
|
Batting: SHB Rafael Acosta
|
0-0: Called Strike 0-1: Ball 1-1: Ball 2-1: Ball 3-1: Swinging Strike 3-2: Foul Ball, location: 2F 3-2: Base on Balls António Camacho to second
|
Batting: RHB Ron Elazar
|
0-0: Ball 1-0: Swinging Strike 1-1: Foul Ball, location: 2F 1-2: Strikes out looking
|
Batting: LHB Jon Scott
|
0-0: Called Strike 0-1: Ball 1-1: Foul Ball, location: 2F 1-2: Strikes out swinging
|
Batting: LHB Francisco Cardenas
|
0-0: Swinging Strike 0-1: Called Strike 0-2: Fly out, F8 (Flyball, 78M)
|
Top of the 5th over - 0 run(s), 0 hit(s), 0 error(s), 2 left on base; Jasper 4 - Seattle 1 |
BOTTOM OF THE 5TH |
Seattle Rainiers batting - Pitching for Jasper Cougars : LHP Alberto Guerra
|
Batting: LHB Carlos Valentín
|
0-0: Called Strike 0-1: Called Strike 0-2: Ball 1-2: Foul Ball, location: 2F 1-2: Strikes out looking
|
Batting: SHB Claas van der Kuijl
|
0-0: Called Strike 0-1: Ball 1-1: Foul Ball, location: 2F 1-2: Fly out, F9 (Flyball, 9LS)
|
Batting: RHB Doug Bell
|
0-0: Called Strike 0-1: Swinging Strike 0-2: Ball 1-2: Fly out, F9 (Line Drive, 9)
|
Bottom of the 5th over - 0 run(s), 0 hit(s), 0 error(s), 0 left on base; Jasper 4 - Seattle 1 |
TOP OF THE 6TH |
Jasper Cougars batting - Pitching for Seattle Rainiers : RHP Melvin Sharp
|
Batting: RHB José Maldonado
|
0-0: SINGLE (Groundball, 56D)
|
Batting: RHB Alberto Castillo
|
0-0: Ball 1-0: Ball 2-0: Called Strike 2-1: Swinging Strike 2-2: Strikes out swinging
|
Batting: LHB David Adams
|
0-0: Swinging Strike 0-1: Ball 1-1: Foul Ball, location: 2F 1-2: Ball 2-2: Strikes out swinging
|
Batting: RHB Charles Lewis
|
0-0: Called Strike 0-1: Foul Ball, location: 2F 0-2: Ball 1-2: Foul Ball, location: 2F 1-2: Strikes out swinging
|
Top of the 6th over - 0 run(s), 1 hit(s), 0 error(s), 1 left on base; Jasper 4 - Seattle 1 |
BOTTOM OF THE 6TH |
Seattle Rainiers batting - Pitching for Jasper Cougars : LHP Alberto Guerra
|
Batting: RHB Roger Lamb
|
0-0: Ground out 6-3 (Groundball, 6)
|
Batting: LHB José Delgado
|
0-0: Called Strike 0-1: Foul Ball, location: 2F 0-2: SINGLE (Groundball, 4MD)
|
Batting: RHB Cipriano Baca
|
0-0: Ball 1-0: Called Strike 1-1: Ball 2-1: Foul Ball, location: 2F 2-2: Strikes out swinging
|
Batting: RHB Leonard Harris
|
0-0: Ball 1-0: Ball 2-0: Fly out, F8 (Flyball, 89M)
|
Bottom of the 6th over - 0 run(s), 1 hit(s), 0 error(s), 1 left on base; Jasper 4 - Seattle 1 |
TOP OF THE 7TH |
Jasper Cougars batting - Pitching for Seattle Rainiers : RHP Melvin Sharp
|
Batting: LHB António Camacho
|
0-0: Called Strike 0-1: Ball 1-1: Ball 2-1: SINGLE (Groundball, 2L) (infield hit)
|
Batting: SHB Rafael Acosta
|
0-0: Ball António Camacho steals 2nd base 1-0: Ball 2-0: Called Strike 2-1: Swinging Strike 2-2: Foul Ball, location: 2F 2-2: Foul Ball, location: 2F 2-2: Foul Ball, location: 2F 2-2: 2-RUN HOME RUN (Flyball, 8LXD), Distance : 438 ft
|
Pitching: RHP Marcos Medina
|
|
Batting: RHB Ron Elazar
|
0-0: Called Strike 0-1: Ball 1-1: Ground out 1-3 (Groundball, P)
|
Batting: LHB Jon Scott
|
0-0: Hit by Pitch
|
Batting: LHB Francisco Cardenas
|
0-0: Ball 1-0: Called Strike 1-1: Called Strike 1-2: Ball 2-2: Ball 3-2: Strikes out swinging
|
Batting: RHB José Maldonado
|
0-0: Ball 1-0: Fielders Choice at 2nd, 4-6 (Groundball, 4)
|
Top of the 7th over - 2 run(s), 2 hit(s), 0 error(s), 0 left on base; Jasper 6 - Seattle 1 |
BOTTOM OF THE 7TH |
Seattle Rainiers batting - Pitching for Jasper Cougars : LHP Alberto Guerra
|
Batting: SHB Fernando Borges
|
0-0: Called Strike 0-1: Ball 1-1: Swinging Strike 1-2: SINGLE (Groundball, 34D)
|
Pitching: RHP António Peña
|
|
Batting: RHB José Rosales
|
0-0: Called Strike 0-1: Foul Ball, location: 2F 0-2: Ball 1-2: Strikes out looking
|
Batting: LHB Carlos Valentín
|
0-0: Ball 1-0: Ball 2-0: Called Strike 2-1: Ball 3-1: Base on Balls Fernando Borges to second
|
Batting: SHB Claas van der Kuijl
|
0-0: Fielders Choice at 2nd, 4-6 (Groundball, 34) Fernando Borges to third
|
Batting: RHB Doug Bell
|
0-0: Called Strike 0-1: Ball 1-1: Called Strike Claas van der Kuijl is caught stealing 2nd base
|
Bottom of the 7th over - 0 run(s), 1 hit(s), 0 error(s), 0 left on base; Jasper 6 - Seattle 1 |
TOP OF THE 8TH |
Jasper Cougars batting - Pitching for Seattle Rainiers : RHP Marcos Medina
|
Batting: RHB Alberto Castillo
|
0-0: Called Strike 0-1: Fly out, F7 (Flyball, 7LM)
|
Batting: LHB David Adams
|
0-0: SINGLE (Groundball, 56D)
|
Batting: RHB Charles Lewis
|
0-0: Foul Ball, location: 2F 0-1: Fielders Choice at 2nd, 6-4 (Groundball, 6)
|
Batting: LHB António Camacho
|
0-0: Swinging Strike 0-1: Fielders Choice at 2nd, 6-4 (Groundball, 6)
|
Top of the 8th over - 0 run(s), 1 hit(s), 0 error(s), 0 left on base; Jasper 6 - Seattle 1 |
BOTTOM OF THE 8TH |
Seattle Rainiers batting - Pitching for Jasper Cougars : RHP António Peña
|
Batting: RHB Doug Bell
|
0-0: Ball 1-0: Called Strike 1-1: Called Strike 1-2: Ball 2-2: Ground out 6-3 (Groundball, 6)
|
Batting: RHB Roger Lamb
|
0-0: Ball 1-0: Ball 2-0: Ball 3-0: Called Strike 3-1: Called Strike 3-2: Strikes out swinging
|
Batting: LHB José Delgado
|
0-0: Foul Ball, location: 2F 0-1: Ball 1-1: Foul Ball, location: 2F 1-2: Foul Ball, location: 2F 1-2: DOUBLE (Groundball, 5L)
|
Batting: RHB Cipriano Baca
|
0-0: Called Strike 0-1: Foul Ball, location: 2F 0-2: Fly out, F7 (Flyball, 78S)
|
Bottom of the 8th over - 0 run(s), 1 hit(s), 0 error(s), 1 left on base; Jasper 6 - Seattle 1 |
TOP OF THE 9TH |
Jasper Cougars batting - Pitching for Seattle Rainiers : RHP Marcos Medina
|
Pitching: RHP Jim Thompson
|
|
Batting: SHB Rafael Acosta
|
0-0: Ball 1-0: Called Strike 1-1: Ball 2-1: Ball 3-1: Fly out, F7 (Flyball, 7S)
|
Batting: RHB Ron Elazar
|
0-0: Ball 1-0: Ball 2-0: Foul Ball, location: 2F 2-1: Swinging Strike 2-2: Strikes out swinging
|
Batting: LHB Jon Scott
|
0-0: Ground out 5-3 (Groundball, 56)
|
Top of the 9th over - 0 run(s), 0 hit(s), 0 error(s), 0 left on base; Jasper 6 - Seattle 1 |
BOTTOM OF THE 9TH |
Seattle Rainiers batting - Pitching for Jasper Cougars : RHP António Peña
|
Batting: RHB Leonard Harris
|
0-0: Foul Ball, location: 2F 0-1: Ball 1-1: Ball 2-1: Called Strike 2-2: Ball 3-2: Base on Balls
|
Batting: SHB Fernando Borges
|
0-0: Ball 1-0: Called Strike 1-1: Fly out, F8 (Flyball, 8RM)
|
Batting: RHB José Rosales
|
0-0: Foul Ball, location: 2F 0-1: Called Strike 0-2: Ball 1-2: Strikes out looking
|
Batting: LHB Carlos Valentín
|
0-0: Called Strike 0-1: Foul Ball, location: 2F 0-2: Foul Ball, location: 2F 0-2: Strikes out swinging
|
Bottom of the 9th over - 0 run(s), 0 hit(s), 0 error(s), 1 left on base; Jasper 6 - Seattle 1 |
|